 Dungeon Sprint DCSS version 0.27-a0-1217-g8a41f320e8 (webtiles) character file.

Game seed: 3544202086632607129

772 Zeld the Severer (level 7, -4/91 HPs)
             Began as a Deep Dwarf Fighter on June 5, 2021.
             Was a Believer of Makhleb.
             Slain by a white ugly thing (29 damage)
             ... in the Dungeon (Sprint IX: "|||||||||||||||||||||||||||||").
             The game lasted 00:01:12 (462 turns).

Zeld the Severer (Deep Dwarf Fighter)                Turns: 462, Time: 00:01:12

Health: -4/91      AC: 16    Str: 22    XL:     7   Next: 53%
Magic:  6/6        EV:  6    Int:  8    God:    Makhleb [**....]
Gold:   0          SH: 11    Dex: 12    Spells: 6/6 levels left

rFire    + . .     SeeInvis .   a - +0 war axe
rCold    . . .     Faith    .   c - +0 kite shield
rNeg     . . .     Spirit   .   p - +1 chain mail {rF+}
rPois    .         Reflect  .   (no helmet)
rElec    .         Harm     .   (no cloak)
rCorr    .         Rampage  .   n - +0 pair of gloves
Will     +....     NoTele   +   o - +0 pair of boots
Stlth    ..........             (no amulet)
HPRegen  0.00/turn              q - +2 ring of protection
MPRegen  0.10/turn              r - +2 ring of protection

@: berserking (expiring), very quick
A: damage resistance, heal wounds, sense surroundings 1, no regeneration
a: Heal Wounds, Renounce Religion, Minor Destruction


You were in the Dungeon.
You worshipped Makhleb.
Makhleb was pleased with you.
You visited 1 branch

Inventory:

Hand Weapons
 a - a +0 war axe (weapon)
Armour
 c - a +0 kite shield (worn)
 n - a +0 pair of gloves (worn)
 o - a +0 pair of boots (worn)
 p - a +1 chain mail of fire resistance (worn)
Jewellery
 q - a +2 ring of protection (left hand)
 r - a +2 ring of protection (right hand)
Wands
 m - a wand of acid (10)
Scrolls
 j - 2 scrolls of blinking
 l - 2 scrolls of amnesia
Potions
 d - a potion of might
 e - 5 potions of curing
 f - 2 potions of heal wounds
 g - a potion of haste
 h - 4 potions of magic
 k - a potion of invisibility


   Skills:
 - Level 2.6 Fighting
 - Level 16.0 Axes
 - Level 3.2 Armour
 * Level 7.4 Shields


You had 6 spell levels left.
You didn't know any spells.
Your spell library was empty.

Dungeon Overview and Level Annotations

Branches:
Dungeon (1/1)

Altars:
Cheibriados
Dithmenos
Elyvilon
Fedhas
Gozag
Hepliaklqana
Kikubaaqudgha
Makhleb
Nemelex Xobeh
Okawaru
Qazlal
Ru
Sif Muna
Trog
Uskayaw
Vehumet
Wu Jian
Xom
Yredelemnul
Zin
The Shining One
Beogh
Jiyva
Lugonu


Innate Abilities, Weirdness & Mutations

You are resistant to damage.
You can heal yourself by infusing magical energy.
You passively map a small area around you.
You do not regenerate.


Message History

The tengu conjurer shouts!
The two-headed ogre shouts in stereo!
The white ugly thing gurgles horribly!
Okay, then.
A red film seems to cover your vision as you go berserk!
You feel yourself moving faster!
You feel mighty!
The boulder beetle bites you but does no damage.
The tengu conjurer mumbles some strange words.
The tengu conjurer conjures a globe of magical energy!
A battlesphere comes into view.
You hit the boulder beetle but do no damage.
The boulder beetle bites you!
You hit the boulder beetle but do no damage.
You hit the boulder beetle.
The boulder beetle is lightly wounded.
The boulder beetle bites you!!
You hit the boulder beetle.
The boulder beetle is lightly wounded.
You hit the boulder beetle but do no damage.
The boulder beetle is lightly wounded.
The deep elf pyromancer gestures wildly while chanting.
The boulder beetle bites you.
You hit the boulder beetle but do no damage.
The boulder beetle is lightly wounded.
You slash the boulder beetle!
The boulder beetle is moderately wounded.
The boulder beetle bites you!
You hit the boulder beetle.
The boulder beetle is moderately wounded.
Your chain mail prevents you from hitting the boulder beetle.
The boulder beetle is moderately wounded.
You block the boulder beetle's attack.
You slice the boulder beetle!!
The boulder beetle is heavily wounded.
You slash the boulder beetle!
The boulder beetle is severely wounded.
The boulder beetle leaps!
The white ugly thing bites you!
* * * LOW HITPOINT WARNING * * *
The white ugly thing freezes you!!
You die... * , * ** * * ** , , , , ,, ** ** * * * ** , , , , ** * * , , , , ▓▓▓▓▓▓▓▓▓▓▓▓▓▓▓▓▓▓▓▓▓▓▓▓ +*JQOeu@..B...)[.....).. ▓▓▓▓▓▓▓▓▓▓▓▓▓▓▓▓▓▓▓▓▓▓▓▓

You could see a boulder beetle, a white ugly thing, a slime creature, a two-headed ogre, a deep elf pyromancer, a tengu conjurer and a battlesphere.

Vanquished Creatures
  A wraith (D)
  2 vampire mosquitoes (D)
  2 necrophages (D)
  A phantom (D)
  2 killer bees (D)
  A wight (D)
  An adder skeleton (D)
  An orc (D)
  A bat (D)
  A goblin (D)
  2 hobgoblins (D)
  A ball python (D)
16 creatures vanquished.

Notes
Turn   | Place    | Note
-------+----------+-------------------------------------------
     0 | D        | Zeld the Deep Dwarf Fighter began the quest for the Orb.
     0 | D        | Reached XP level 1. HP: 20/20 MP: 1/1
    10 | D        | Reached skill level 3 in Axes
    25 | D        | Reached skill level 4 in Axes
    36 | D        | Noticed a necrophage
    36 | D        | Noticed a phantom
    36 | D        | Noticed a necrophage
    49 | D        | Killed a necrophage
    50 | D        | Reached skill level 9 in Axes
    50 | D        | Reached XP level 2. HP: 18/27 MP: 2/2
    50 | D        | Reached XP level 3. HP: 23/33 MP: 3/3
    50 | D        | Reached XP level 4. HP: 28/40 MP: 4/4
    62 | D        | Killed a phantom
    63 | D        | Reached skill level 11 in Axes
    63 | D        | Reached XP level 5. HP: 18/46 MP: 5/5
    69 | D        | Killed a necrophage
    70 | D        | Reached skill level 13 in Axes
    82 | D        | Found a snail-covered altar of Cheibriados.
    82 | D        | Found a shadowy altar of Dithmenos.
    82 | D        | Found a white marble altar of Elyvilon.
    82 | D        | Found a blossoming altar of Fedhas.
    82 | D        | Found an opulent altar of Gozag.
    83 | D        | Found a hazy altar of Hepliaklqana.
    84 | D        | Found a viscous altar of Jiyva.
    85 | D        | Found an ancient bone altar of Kikubaaqudgha.
    86 | D        | Found a corrupted altar of Lugonu.
    87 | D        | Found a burning altar of Makhleb.
    88 | D        | Found a sparkling altar of Nemelex Xobeh.
    89 | D        | Found an iron altar of Okawaru.
    90 | D        | Found a stormy altar of Qazlal.
    91 | D        | Found a sacrificial altar of Ru.
    92 | D        | Found a shimmering blue altar of Sif Muna.
    93 | D        | Found a bloodstained altar of Trog.
    94 | D        | Found a hide-covered altar of Uskayaw.
    95 | D        | Became a worshipper of Makhleb the Destroyer
    96 | D        | Found a radiant altar of Vehumet.
    97 | D        | Found an ornate altar of the Wu Jian Council.
    98 | D        | Found a shimmering altar of Xom.
    99 | D        | Found a basalt altar of Yredelemnul.
   100 | D        | Found a glowing silver altar of Zin.
   101 | D        | Found a glowing golden altar of the Shining One.
   359 | D        | Noticed a wraith
   359 | D        | Noticed a vampire mosquito
   359 | D        | Noticed a vampire mosquito
   380 | D        | Killed a vampire mosquito
   381 | D        | Reached skill level 14 in Axes
   381 | D        | Reached XP level 6. HP: 26/55 MP: 6/6
   417 | D        | Killed a vampire mosquito
   417 | D        | Reached * piety under Makhleb
   418 | D        | Reached skill level 15 in Axes
   418 | D        | Reached XP level 7. HP: 49/61 MP: 6/6
   431 | D        | Killed a wraith
   432 | D        | Reached skill level 16 in Axes
   432 | D        | Reached skill level 5 in Shields
   441 | D        | Reached ** piety under Makhleb
   449 | D        | Noticed a slime creature
   449 | D        | Noticed a tengu conjurer
   449 | D        | Noticed a two-headed ogre
   449 | D        | Noticed a deep elf pyromancer
   449 | D        | Noticed a white ugly thing
   449 | D        | Noticed a boulder beetle
   462 | D        | Slain by a white ugly thing

Illustrated notes

Levels and vault maps discovered:
D:        linesprint [early_d, line_temple, items_1, d_10, items_2, lair_1,
          lair_end, items_3, orc_1, orc_end, items_4, d_15, swamp_1, shoals_1,
          snake_1, spider_1, d_20, vaults_1, items_5, swamp_end, shoals_end,
          snake_end, spider_end, vaults_end, d_27, items_6, zot_1, zot_end,
          crypt_end, forest_end, elf_end, slime_end, tomb_end, abyss_end,
          pan_hell_end]

Skill      XL: |  1  2  3  4  5  6  7 |
---------------+----------------------+-----
Axes           | 9 11 14 15 16 | 16.0
Shields        | 7 |  7.4
Fighting       | |  2.6
Armour         | |  3.2

Action                   |  1- 3 |  4- 6 |  7- 9 || total
-------------------------+-------+-------+-------++-------
Melee: War axe           |    38 |    81 |    35 ||   154
 Abil: Heal Wounds       |     1 |     3 |       ||     4
  Use: Potion            |       |     1 |     1 ||     2
Armor: Scale mail        |    15 |     4 |       ||    19
       Chain mail        |       |    38 |     9 ||    47
Dodge: Dodged            |    14 |    15 |     3 ||    32
Block: Kite shield       |    18 |    46 |     8 ||    72

Table legend: (Time is in decaauts)
 A = Elapsed time spent in this place.
 B = Non-inter-level travel time spent in this place.
 C = Inter-level travel time spent in this place.
 D = Time resting spent in this place.
 E = Time spent auto-exploring this place.
 F = Levels seen in this place.
 G = Mean time per level.
                   A        B        C        D        E       F      G
               +--------+--------+--------+--------+--------+-----+--------+
         Total |    482 |    482 |      0 |    200 |      0 |   1 |  482.0 |
       Dungeon |    482 |    482 |      0 |    200 |      0 |   1 |  482.0 |
               +--------+--------+--------+--------+--------+-----+--------+

Top non-repeatable levels by time:
       D: 482 daAuts
